 Dungeon Crawl Stone Soup version bcrawl-1.40.2 (webtiles) character file.

Game seed: 16034687722182921243

212727 Chiseanne the Ducker (level 6, 36/48 HPs)
             Began as a Demonspawn Archaeologist on Nov 8, 2023.
             Quit the game on level 4 of the Dungeon.
             The game lasted 00:06:30 (2405 turns).

Chiseanne the Ducker (Demonspawn Archaeologist)     Turns: 2405, Time: 00:06:30

Health: 36/48      AC:  9    Str: 12    XL:     6   Next: 24%
Magic:  6/6        EV: 11    Int: 16    God:
Gold:   161        SH:  0    Dex:  9    Spells: 5/5 levels left

rFire    . . .     GDR:     24% o - +2 hand axe (elec)
rCold    + + .     SeeInvis .   (no shield)
rNeg     . . .     Gourm    .   j - +0 ring mail
rPois    +         Faith    .   d - +1 hat
rElec    +         Spirit   .   (no cloak)
rCorr    .         Reflect  .   C - +0 pair of gloves
MR       ++...                  m - +1 pair of boots
Stlth    +.........             r - amulet of rage
HPRegen  0.18/turn              h - ring "Dyfegud" {rElec rPois rC+ MR++ Dex-3}
MPRegen  0.10/turn              (no ring)

@: no status effects
A: antennae 1, claws 1, cold resistance 1, spiny 1
a: Evoke Berserk Rage


You were on level 4 of the Dungeon.
You were not hungry.

You visited 1 branch of the dungeon, and saw 4 of its levels.

You collected 161 gold pieces.

Inventory:

Hand Weapons
 b - a +0 blowgun
 o - a +2 hand axe of electrocution (weapon)
 v - a cursed -3 hand axe
 w - a +0 blowgun
Missiles
 f - 19 curare-tipped needles
 k - 1797 stones (quivered)
 l - 142 poisoned tomahawks
 q - 881 sling bullets
 y - 27 poisoned needles
 B - 117 arrows
Armour
 d - a +1 hat (worn)
 j - a +0 ring mail (worn)
 m - a +1 pair of boots (worn)
 C - a +0 pair of gloves (worn)
Jewellery
 h - the ring "Dyfegud" (left hand) {rElec rPois rC+ MR++ Dex-3}
   (You acquired it on level 2 of the Dungeon)

   [ring of protection from cold]

   It affects your dexterity (-3).
   It protects you from cold.
   It insulates you from electricity.
   It protects you from poison.
   It affects your resistance to hostile enchantments.
 r - an amulet of rage (around neck)
 x - a +4 ring of protection {unknown}
Scrolls
 g - a scroll of revelation
 t - a scroll of immolation
Potions
 a - a potion of might {unknown}
 c - a potion of cancellation {unknown}
 n - a potion of ambrosia {unknown}
 p - 2 potions of curing
 s - a potion of mutation
 u - a potion of agility {unknown}
 A - a potion of flight
Comestibles
 e - 4 rations {!d}


   Skills:
 * Level 3.6 Fighting
   Level 1.0 Maces & Flails
 * Level 3.0 Armour
 * Level 4.2 Dodging
 - Level 3.0 Stealth


You had 5 spell levels left.
You didn't know any spells.
Your spell library was empty.

Dungeon Overview and Level Annotations

Branches:
Dungeon (4/12)
 Temple: D:4-7

Altars:
Sif Muna


Innate Abilities, Weirdness & Mutations

You have a pair of small antennae on your head.
You have sharp fingernails.
Your flesh is cold resistant. (rC+)
You are partially covered in sharp spines.


Message History

Lightning courses through the worker ant!
You kill the worker ant!
There is a stone staircase leading up here.
The crimson imp is struck by your spines.
The crimson imp hits you but does no damage.
You closely miss the crimson imp.
The crimson imp is lightly wounded.
The crimson imp closely misses you. The crimson imp breathes fire at you.
The flame tongue hits you.
You miss the crimson imp. The crimson imp closely misses you.
You barely miss the crimson imp.
The crimson imp is struck by your spines.
The crimson imp hits you but does no damage.
You hit the crimson imp.
Lightning courses through the crimson imp!
You kill the crimson imp!
Your Armour skill increases to level 3!
Found 10 gold pieces.
Are you sure you want to abandon this character and quit the game? (Confirm with "yes".)

### ..# ####.# #
#..... .#
#######.##.##.####
.................#
......#.##..#.##..
.......@..........
......#.##<.#.##..
..... #.##..# #
.### ..$.....
##.##.#..#
..##.#..#
..##.#..#
........# #$# #.


There were no monsters in sight!

Vanquished Creatures
  A howler monkey (D:4)
  An orc priest (D:3)
  A crimson imp (D:4)
  2 orc wizards (D:3)
  A worker ant (D:4)
  A killer bee zombie (D:4)
  2 adders
  An ooze (D:2)
  A worm (D:2)
  2 dart slugs
  2 leopard geckos
  13 orcs
  3 giant cockroaches
  7 goblins
  7 hobgoblins
  4 jackals (D:3)
  A quokka (D:2)
  A ball python (D:2)
  4 bats
  A frilled lizard (D:2)
  7 kobolds
  9 rats
72 creatures vanquished.

Notes
Turn   | Place    | Note
-------+----------+-------------------------------------------
     0 | D:1      | Chiseanne the Demonspawn Archaeologist began the quest for
                  | the Orb.
     0 | D:1      | Reached XP level 1. HP: 15/15 MP: 1/1
    46 | D:1      | Reached skill level 1 in Maces & Flails
   197 | D:1      | Gained mutation: You are partially covered in sharp spines.
                  | [demonic ancestry]
   197 | D:1      | Reached XP level 2. HP: 21/21 MP: 2/2
   485 | D:1      | Reached skill level 3 in Dodging
   607 | D:2      | Reached skill level 1 in Armour
   610 | D:2      | Gained mutation: Your flesh is cold resistant. (rC+)
                  | [demonic ancestry]
   610 | D:2      | Reached XP level 3. HP: 23/27 MP: 3/3
  1036 | D:2      | Found a shimmering blue altar of Sif Muna.
  1574 | D:3      | Reached XP level 4. HP: 24/34 MP: 4/4
  1718 | D:3      | Gained mutation: You have sharp fingernails. [demonic
                  | ancestry]
  1718 | D:3      | Reached XP level 5. HP: 40/40 MP: 5/5
  1718 | D:3      | Identified a scroll of acquirement
  1733 | D:2      | Identified the ring "Dyfegud" {rElec rPois rC+ MR++ Dex-3}
                  | (You acquired it on level 2 of the Dungeon)
  2392 | D:4      | Reached skill level 4 in Dodging
  2393 | D:4      | Gained mutation: You have a pair of small antennae on your
                  | head. [demonic ancestry]
  2393 | D:4      | Reached XP level 6. HP: 44/47 MP: 6/6
  2405 | D:4      | Quit the game

Skill      XL: |  1  2  3  4  5  6 |
---------------+-------------------+-----
Maces & Flails | 1 |  1.0
Dodging        | 3 4 |  4.2
Armour         | 1 2 3 |  3.0
Fighting       | 2 3 |  3.6
Stealth        | |  3.0

Action                   |  1- 3 |  4- 6 || total
-------------------------+-------+-------++-------
Melee: Whip              |    15 |       ||    15
       Hand axe          |    70 |    57 ||   127
Throw: Stone             |     2 |       ||     2
  Use: Scroll            |     7 |     3 ||    10
 Stab: Sleeping          |     2 |       ||     2
  Eat: Chunk             |     4 |     5 ||     9
Armor: Robe              |    10 |       ||    10
       Ring mail         |    13 |    27 ||    40
Dodge: Dodged            |    45 |    33 ||    78
